Map: Prion Terraces

Players

IamDrizzt

  • Race: Protoss Protoss
  • League: Diamond

brIdIotbAlL

  • Race: Protoss Protoss

MorN

  • Race: Protoss Protoss
  • League: Platinum

Minimal

  • Race: Protoss Protoss

VOD

Have the link to the VOD?

Description

Time

  • Played on: Nov. 11, 2015, 8:15 p.m.
  • Length: 9:16
Show
View Real Time Build Order
Export as new Build Order

IamDrizzt Protoss 

Build Orders: Nexus First, Oracle Opening 

Get SALT Encoding   

  12  0:01  Probe (Chrono Boost)  
  13  0:11  Probe (Chrono Boost)  
  14  0:19  Pylon  
  14  0:22  Probe (Chrono Boost)  
  15  0:37  Probe (Chrono Boost)  
  16  0:48  Probe (Chrono Boost)  
  17  0:58  Nexus  
  17  1:12  Gateway  
  17  1:13  Probe (Chrono Boost)  
  18  1:24  Probe (Chrono Boost)  
  19  1:30  Assimilator  
  19  1:34  Probe (Chrono Boost)  
  20  1:41  Pylon  
  20  1:45  Probe (Chrono Boost)  
  20  1:47  Assimilator  
  21  1:55  Probe (Chrono Boost)  
  21  2:00  Cybernetics Core  
  22  2:06  Probe (Chrono Boost)  
  23  2:11  Probe (Chrono Boost)  
  24  2:16  Probe (Chrono Boost)  
  24  2:22  Probe (Chrono Boost)  
  26  2:27  Probe (Chrono Boost)  
  27  2:32  Probe (Chrono Boost), Pylon  
  28  2:38  Adept, Stargate  
  28  2:43  Probe (Chrono Boost)  
  31  2:47  Warp Gate (Chrono Boost)  
  31  2:50  Probe (Chrono Boost)  
  32  2:56  Gateway  
  32  3:00  Probe  
  32  3:02  Probe  
  34  3:09  Gateway  
  34  3:12  Pylon  
  34  3:13  Probe  
  34  3:14  Probe  
  36  3:24  Oracle (Chrono Boost)  
  36  3:26  Probe  
  39  3:27  Probe  
  41  3:35  Assimilator  
  41  3:39  Mothership Core, Probe  
  43  3:45  Adept  
  43  3:46  Adept  
  48  3:51  Probe  
  49  3:57  Adept  
  49  3:59  Probe  
  49  4:02  Assimilator  
  52  4:03  Probe  
  52  4:05  Pylon  
  52  4:08  Pylon  
  52  4:09  Probe  
  53  4:13  Oracle (Chrono Boost)  
  53  4:15  Probe  
  58  4:20  Probe  
  59  4:27  Probe  
  59  4:29  Twilight Council  
  59  4:30  Probe  
  57  4:36  Robotics Facility  
  58  4:40  Probe  
  58  4:41  Probe  
  60  4:48  Pylon  
  60  4:51  Probe  
  60  4:52  Probe  
  61  4:54  Pylon  
  61  4:55  Blink (Chrono Boost)  
  62  5:00  Stalker  
  62  5:01  Stalker  
  62  5:02  Probe  
  62  5:03  Stalker  
  62  5:04  Probe  
  70  5:14  Gateway  
  70  5:20  Gateway  
  70  5:26  Gateway, Observer (Chrono Boost)  
  71  5:34  Gateway  
  68  5:37  Gateway, Forge  
  68  5:47  Stalker x3  
  74  6:13  Stalker x4, Immortal (Chrono Boost)  
  80  6:41  Probe x2  
  80  6:44  Protoss Ground Weapons Level 1  
  81  6:51  Stalker x3  
  81  6:52  Stalker x2  
  81  6:53  Probe x2  
  93  7:03  Pylon  
  93  7:05  Probe  
  94  7:12  Pylon  
  94  7:13  Pylon  
  94  7:18  Observer (Chrono Boost)  
  94  7:19  Pylon  
  93  7:29  Nexus  
  91  7:32  Pylon  
  91  7:37  Observer (Chrono Boost)  
  88  7:45  Stalker x3  
  92  7:53  Stalker  
  92  8:03  Probe x2 (Chrono Boost)  
  92  8:06  Photon Cannon  
  90  8:16  Probe (Chrono Boost)  
  89  8:20  Pylon  
  89  8:22  Templar Archives, Probe (Chrono Boost)  
  89  8:26  Pylon  
  85  8:27  Assimilator  
  85  8:28  Probe (Chrono Boost)  
  85  8:31  Assimilator  
  85  8:33  Probe (Chrono Boost)  
  82  8:40  Probe (Chrono Boost)  
  77  8:43  Probe (Chrono Boost)  
  77  8:44  Probe (Chrono Boost)  
  77  8:47  Stalker x3  
  84  8:52  Probe (Chrono Boost)  
  84  8:54  Probe (Chrono Boost)  
  86  9:02  High Templar x2  
  86  9:03  High Templar x2  
  92  9:13  Stalker x2  
Show
View Real Time Build Order
Export as new Build Order

brIdIotbAlL Protoss 

Build Orders: 1 Gate Expand 

Get SALT Encoding   

  12  0:01  Probe (Chrono Boost)  
  13  0:12  Probe (Chrono Boost)  
  14  0:18  Pylon  
  14  0:22  Probe (Chrono Boost)  
  15  0:36  Probe (Chrono Boost)  
  15  0:40  Gateway  
  16  0:46  Probe (Chrono Boost)  
  16  0:49  Assimilator  
  17  0:57  Probe (Chrono Boost)  
  18  1:08  Probe (Chrono Boost)  
  19  1:19  Probe (Chrono Boost)  
  20  1:27  Nexus  
  20  1:35  Pylon  
  20  1:45  Cybernetics Core  
  20  1:47  Probe (Chrono Boost)  
  21  1:58  Gateway  
  22  2:01  Probe (Chrono Boost)  
  22  2:12  Gateway  
  22  2:23  Assimilator  
  22  2:25  Forge  
  22  2:39  Probe (Chrono Boost)  
  22  2:42  Warp Gate  
  23  2:47  Mothership Core (Chrono Boost)  
  23  2:50  Probe (Chrono Boost)  
  26  2:55  Stalker  
  28  3:00  Probe (Chrono Boost)  
  29  3:06  Stalker  
  29  3:11  Probe (Chrono Boost)  
  32  3:14  Pylon  
  32  3:20  Stalker  
  32  3:21  Probe (Chrono Boost)  
  32  3:25  Probe (Chrono Boost)  
  36  3:32  Probe (Chrono Boost)  
  37  3:36  Pylon  
  37  3:40  Stalker  
  39  3:43  Probe (Chrono Boost)  
  39  3:48  Pylon  
  40  3:57  Robotics Facility  
  40  4:02  Stargate  
  40  4:05  Probe (Chrono Boost)  
  40  4:06  Probe (Chrono Boost)  
  42  4:17  Probe x2 (Chrono Boost)  
  44  4:19  Photon Cannon  
  42  4:32  Photon Cannon  
  42  4:34  Probe (Chrono Boost)  
  42  4:36  Probe (Chrono Boost)  
  44  4:40  Assimilator  
  44  4:44  Assimilator  
  44  4:45  Probe (Chrono Boost)  
  45  4:48  Probe (Chrono Boost)  
  45  4:50  Protoss Shields Level 1  
  46  4:55  Gateway  
  46  4:56  Probe (Chrono Boost)  
  47  5:06  Oracle  
  50  5:12  Immortal  
  54  5:20  Probe (Chrono Boost)  
  55  5:21  Protoss Air Weapons Level 1  
  55  5:31  Probe (Chrono Boost)  
  55  5:34  Stalker  
  58  5:37  Stalker  
  58  5:41  Probe (Chrono Boost)  
  61  5:47  Pylon  
  61  5:52  Probe (Chrono Boost)  
  61  5:53  Pylon  
  61  5:54  Stargate  
  62  5:58  Phoenix  
  62  6:03  Probe (Chrono Boost)  
  65  6:10  Stalker  
  65  6:11  Stalker x2  
  71  6:19  Probe (Chrono Boost)  
  71  6:25  Phoenix  
  74  6:30  Probe (Chrono Boost)  
  75  6:47  Nexus  
  75  6:49  Pylon x2  
  79  6:57  Phoenix  
  81  7:15  Immortal  
  86  7:23  Pylon  
  86  7:24  Void Ray x2  
  75  7:38  Stalker x3  
  75  7:40  Mothership Core (Chrono Boost)  
  68  7:49  Stalker  
  54  7:58  Immortal  
  42  8:13  Stalker x3  
  48  8:27  Probe (Chrono Boost)  
  38  8:37  Probe (Chrono Boost)  
  37  8:48  Probe (Chrono Boost)  
  36  8:51  Stalker  
  28  8:58  Probe (Chrono Boost)  
Show
View Real Time Build Order
Export as new Build Order

MorN Protoss 

Build Orders:  

Get SALT Encoding   

Show
View Real Time Build Order
Export as new Build Order

Minimal Protoss 

Build Orders:  

Get SALT Encoding   

Tags
 
Add a new tag
Caveats
  • Supply blocks, unpowered buildings, or Contaminate may cause inaccurate times.
  • Supply counts are checked every 10 seconds.